 Dungeon Crawl Stone Soup version 0.19.1 (webtiles) character file.

153 GordonOverkill the Chopper (level 5, 0/47 HPs)
             Began as a Hill Orc Berserker on Dec 3, 2016.
             Was a Priest of Trog.
             Succumbed to an orc wizard's poison
             ... on level 4 of the Dungeon.
             The game lasted 00:04:52 (3153 turns).

GordonOverkill the Chopper (Hill Orc Berserker)     Turns: 3153, Time: 00:04:52

Health: 0/47       AC: 10    Str: 20    XL:     5   Next: 35%
Magic:  5/5        EV:  8    Int:  7    God:    Trog [***...]
Gold:   172        SH:  0    Dex: 11    Spells: 0 memorised, 4 levels left

rFire  . . .     SeeInvis .     a - +0 hand axe
rCold  . . .     Gourm    .     j - +0 chain mail
rNeg   . . .     Faith    .     (no shield)
rPois  .         Spirit   .     (no helmet)
rElec  .         Reflect  .     (no cloak)
rCorr  .         Harm     .     n - +0 pair of gloves
MR     .....                    (no boots)
Stlth  ..........               (no amulet)
                                (no ring)
                                (no ring)

@: lethally poisoned (0 -> -35), exhausted, slowed, very slow
A: no striking features
a: Berserk, Trog's Hand, Burn Spellbooks, Renounce Religion


You were on level 4 of the Dungeon.
You worshipped Trog.
Trog was most pleased with you.
You were near starving.

You visited 1 branch of the dungeon, and saw 4 of its levels.

You collected 172 gold pieces.

Inventory:

Hand Weapons
 a - a +0 hand axe (weapon)
Armour
 j - a +0 chain mail (worn)
 n - a +0 pair of gloves (worn)
Jewellery
 b - a +4 ring of intelligence {unknown}
 p - a +2 ring of evasion {unknown}
Scrolls
 e - 5 scrolls of identify {unknown}
 f - 4 scrolls of teleportation {unknown}
 k - a scroll of blinking {unknown}
 o - 2 scrolls of fog {unknown}
 q - a scroll of remove curse {unknown}
 r - a scroll of recharging {unknown}
 s - a scroll of fear {unknown}
 y - a scroll of enchant armour {unknown}
Potions
 d - a potion of degeneration {unknown}
 g - a potion of agility {unknown}
 i - a potion of lignification {unknown}
 l - a potion of brilliance {unknown}
 m - a potion of flight {unknown}
 t - a potion of curing {unknown}
Comestibles
 c - 3 bread rations
 h - 4 meat rations
 u - a beef jerky
 v - a royal jelly
 w - 2 fruits
 x - 7 chunks of flesh


   Skills:
 + Level 4.5 Fighting
 * Level 6.2 Axes
 + Level 3.5 Armour
 - Level 1.5 Dodging


You had 4 spell levels left.
You didn't know any spells.

Dungeon Overview and Level Annotations

Branches:
Dungeon (4/15)
 Temple: D:4-7

Altars:
Makhleb
Okawaru


Message History

You feel a bit more experienced.
* * * LOW HITPOINT WARNING * * *
You feel very sick.
An orc comes into view. It is wielding a dagger.
You are no longer berserk.
You are exhausted.
You feel yourself slow down.
* * * LOW HITPOINT WARNING * * *
You feel sick.
The orc shouts!
Things that are here:
a dagger of venom; a robe; an orc corpse Your skin stops crawling.
You feel less resistant to hostile enchantments.
You are near starving!
* * * LOW HITPOINT WARNING * * *
You feel very sick. The orc hits you but does no damage. x2
You closely miss the orc.
You die...

#.# # ..## #.# #.
...###...# #. #........#
#.#.. #.#.####..####...
......## .......#
#.###..# #(.#.#
#..###.#####....########
....##..........@o......
#.....######...))#######
###.#.........##....#
#.######.......##....#
.######..####..?.....
#........#######.$#
#........# .. #........#
. ##########


You could see an orc.

Vanquished Creatures
  An orc wizard (D:4)
  5 adders
  3 dart slugs
  A leopard gecko (D:2)
  7 orcs
  5 giant cockroaches
  9 goblins
  4 hobgoblins
  12 kobolds
  A ball python (D:1)
  11 bats
  3 frilled lizards
  9 rats
71 creatures vanquished.

Notes
Turn   | Place    | Note
-------+----------+-------------------------------------------
     0 | D:1      | GordonOverkill the Hill Orc Berserker began the quest for the Orb.
     0 | D:1      | Reached XP level 1. HP: 19/19 MP: 1/1
   423 | D:1      | Reached XP level 2. HP: 8/27 MP: 2/2
   796 | D:1      | Found an iron altar of Okawaru.
  1232 | D:1      | Reached XP level 3. HP: 33/33 MP: 3/3
  1348 | D:2      | Reached skill level 5 in Axes
  1742 | D:2      | Reached ** piety under Trog
  1981 | D:2      | Reached XP level 4. HP: 40/40 MP: 4/4
  2470 | D:3      | Found a burning altar of Makhleb.
  3060 | D:4      | Reached XP level 5. HP: 47/47 MP: 5/5
  3063 | D:4      | Reached *** piety under Trog
  3074 | D:4      | Reached skill level 6 in Axes
  3153 | D:4      | Succumbed to an orc wizard's poison

Skill      XL: |  1  2  3  4  5 |
---------------+----------------+-----
Axes           | 5 6 |  6.2
Fighting       | 4 |  4.5
Armour         | 3 |  3.5
Dodging        | |  1.5

Action                   |  1- 3 |  4- 6 || total
-------------------------+-------+-------++-------
Melee: Hand axe          |   126 |   133 ||   259
Invok: Berserk           |       |     1 ||     1
       Trog's Hand       |       |     1 ||     1
  Eat: Chunk             |     3 |     4 ||     7
Armor: Animal skin       |    12 |       ||    12
       Chain mail        |    55 |   101 ||   156
Dodge: Dodged            |    83 |    55 ||   138
